 Dungeon Crawl Stone Soup version 0.28.0-43-g3370ac3207 (webtiles) character file.

Game seed: 8219048535575407365

835 pkoi the Grappler (level 7, -2/67 HPs)
             Began as a Troll Monk on Mar 21, 2022.
             Slain by Duvessa
             ... wielding a +4 short sword
              (19 damage)
             ... on level 5 of the Dungeon.
             The game lasted 00:03:15 (3551 turns).

pkoi the Grappler (Troll Monk)                      Turns: 3551, Time: 00:03:16

Health: -2/67      AC:  5    Str: 20    XL:     7   Next: 66%
Magic:  6/6        EV: 10    Int:  8    God:
Gold:   149        SH:  0    Dex: 12    Spells: 6/6 levels left

rFire   . . .      SeeInvis .     - Unarmed
rCold   . . .      Faith    .   (no shield)
rNeg    . . .      Spirit   .   a - +1 robe
rPois   .          Reflect  .   (helmet restricted)
rElec   .          Harm     .   (no cloak)
rCorr   .          Rampage  .   (gloves unavailable)
Will    .....                   (boots unavailable)
Stlth   ++........              (no amulet)
HPRegen 1.01/turn               (no ring)
MPRegen 0.10/turn               (no ring)

@: no status effects
A: large, unfitting armour, claws 3, regeneration 1, shaggy fur 1, tough skin 1
a: no special abilities


You were on level 5 of the Dungeon.
You visited 1 branch of the dungeon, and saw 5 of its levels.

You collected 149 gold pieces.

Inventory:

Hand Weapons
 d - a +1 whip
Missiles
 f - 2 poisoned darts (quivered)
Armour
 a - a +1 robe (worn)
Jewellery
 i - a ring of poison resistance
Wands
 c - a wand of iceblast (11)
 g - a wand of flame (5)
Scrolls
 e - a scroll of fear
 j - 2 scrolls of identify
 p - a scroll of teleportation
Potions
 b - 2 potions of mutation
 k - a potion of curing {unknown}
 m - 2 potions of brilliance {unknown}
 n - a potion of attraction {unknown}


   Skills:
 + Level 3.2 Fighting
 - Level 2.4 Dodging
 - Level 1.0 Stealth
 * Level 8.1 Unarmed Combat
 + Level 2.3 Evocations


You had 6 spell levels left.
You didn't know any spells.
Your spell library contained the following spells:

 Spells                   Type           Power      Damage    Failure   Level
 Animate Skeleton         Necr           0%         N/A       41%         1
 Pain                     Necr           0%         1d4       41%         1
 Slow                     Hex            0%         N/A       41%         1
 Scorch                   Fire           0%         2d5       54%         2
 Confusing Touch          Hex            0%         N/A       78%         3
 Vampiric Draining        Necr           0%         2d6       78%         3
 Flame Wave               Conj/Fire      0%         2d4       99%         4
 Summon Cactus Giant      Summ           0%         N/A       100%        6


Dungeon Overview and Level Annotations

Branches:
Dungeon (5/15)
 Temple: D:4-7

Altars:

Annotations:
D:5 Duvessa


Innate Abilities, Weirdness & Mutations

You are too large for most types of armour.
You have claws for hands.
Your natural rate of healing is unusually fast.
You are covered in fur. (AC +1)
You have tough skin. (AC +1)


Message History

Dowan is heavily wounded.
Dowan points at you and mumbles some strange words.
You resist with some effort.
You closely miss Dowan.
Dowan is heavily wounded.
Dowan completely misses you.
You scratch Dowan but do no damage.
Dowan is heavily wounded.
You mangle Dowan!!
You kill Dowan!
Duvessa screams, "No!
How DARE you!"
Duvessa goes berserk!
Duvessa hits you with a +4 short sword!
You are too injured to fight recklessly!
You are too injured to fight recklessly!
You are too injured to fight recklessly!
You are too injured to fight recklessly!
You are too injured to fight recklessly!
You are too injured to fight recklessly!
You are too injured to fight recklessly!
You are too injured to fight recklessly!
You are too injured to fight recklessly!
You are too injured to fight recklessly!
You are too injured to fight recklessly!
You are too injured to fight recklessly!
You are too injured to fight recklessly!
You barely miss Duvessa. Duvessa barely misses you.
You claw Duvessa!
Duvessa is moderately wounded.
Duvessa hits you with a +4 short sword!
* * * LOW HITPOINT WARNING * * *
You scratch Duvessa.
Duvessa is moderately wounded.
Duvessa hits you with a +4 short sword!
* * * LOW HITPOINT WARNING * * *
You scratch Duvessa. Your claw misses Duvessa.
Duvessa is moderately wounded.
Duvessa hits you with a +4 short sword!!
* * * LOW HITPOINT WARNING * * *
Duvessa hits you with a +4 short sword!!
You die...

.###.###.#####.######
...(...........##
#.#####.#####...# #
#...........#####
#.##.###..<............#
#.(........#########...#
######.#### ####.<.# #.#
#....... #@# #.......
#e# ###....... #(#
.........# #.#
######...# #.# ##...#
... ......#.## ...
#####.#.# ... #.#.#
#.#.#


You could see Duvessa (berserk).

Vanquished Creatures
  A wyvern (D:5)
  2 ice beasts (D:5)
  A necrophage (D:4)
  Dowan (D:5)
  2 hounds (D:4)
  A jelly (D:3)
  2 iguanas
  Jessica (D:3)
  4 gnolls (D:4)
  5 adders
  2 white imps
  4 worms
  5 dart slugs
  An orc (D:3)
  6 endoplasms
  5 giant cockroaches
  7 hobgoblins
  3 jackals (D:1)
  2 quokkas
  8 ball pythons
  7 bats
  5 frilled lizards
  12 goblins
  9 kobolds
  7 rats
103 creatures vanquished.

Notes
Turn   | Place    | Note
-------+----------+-------------------------------------------
     0 | D:1      | pkoi the Troll Monk began the quest for the Orb.
     0 | D:1      | Reached XP level 1. HP: 22/22 MP: 0/0
    94 | D:1      | Reached XP level 2. HP: 29/29 MP: 1/1
   193 | D:1      | Reached skill level 4 in Unarmed Combat
   267 | D:1      | Reached XP level 3. HP: 36/36 MP: 2/2
   515 | D:1      | Found a faded altar of an unknown god.
   773 | D:2      | Reached skill level 5 in Unarmed Combat
   773 | D:2      | Reached XP level 4. HP: 41/44 MP: 3/3
  1373 | D:3      | Noticed Jessica
  1374 | D:3      | Killed Jessica
  1378 | D:3      | Reached XP level 5. HP: 37/50 MP: 4/4
  1471 | D:3      | Reached skill level 6 in Unarmed Combat
  2233 | D:4      | Reached XP level 6. HP: 39/59 MP: 5/5
  2612 | D:4      | Reached skill level 7 in Unarmed Combat
  2612 | D:4      | Reached skill level 1 in Evocations
  3060 | D:5      | Entered Level 5 of the Dungeon
  3092 | D:5      | Noticed an ice beast
  3101 | D:5      | Killed an ice beast
  3102 | D:5      | Reached XP level 7. HP: 33/66 MP: 6/6
  3260 | D:5      | Noticed a wyvern
  3269 | D:5      | Killed a wyvern
  3336 | D:5      | Reached skill level 8 in Unarmed Combat
  3537 | D:5      | Noticed Dowan
  3538 | D:5      | Noticed Duvessa
  3547 | D:5      | Killed Dowan
  3551 | D:5      | Slain by Duvessa

Illustrated notes

Levels and vault maps discovered:
D:1:      nzn_arrival_depleted_hourglass, layout_basic,
          hellmonk_ecumenical_altar_arch_garden, hangedman_decor_push
D:2:      layout_basic, hangedman_decor_clover_reticule
D:3:      layout_loops_cross, minmay_misc_feat_more_columns,
          mrwooster_statue_mirror, uniq_jessica
D:4:      layout_basic, hex_tiny, minmay_cupped
D:5:      layout_loops_ring, uniq_sigmund, uniq_duvessa, uniq_menkaure

Skill      XL: |  1  2  3  4  5  6  7 |
---------------+----------------------+-----
Unarmed Combat | 4 5 6 7 8 |  8.1
Evocations     | 1 2 |  2.3
Fighting       | 3 |  3.2
Dodging        | |  2.4
Stealth        | |  1.0

Action                   |  1- 3 |  4- 6 |  7- 9 || total
-------------------------+-------+-------+-------++-------
Melee: Unarmed           |   115 |   127 |    24 ||   266
       Punch             |     4 |     4 |       ||     8
Throw: Dart              |       |       |     1 ||     1
  Use: Scroll            |     2 |     5 |     3 ||    10
 Stab: Sleeping          |     3 |     4 |       ||     7
Armor: Robe              |    39 |    29 |     1 ||    69
Dodge: Dodged            |    50 |    49 |     8 ||   107
